Map: [ESL] Babylon

Players

Cure - Winner!

  • Race: Terran Terran

Armani

  • Race: Zerg Zerg

Event: IEM Katowice 2023

VOD

Have the link to the VOD?

Description

Time

  • Played on: Feb. 8, 2023, 6:37 a.m.
  • Length: 15:38

All games in this series

Show
View Real Time Build Order
Export as new Build Order

Cure Terran - Winner!

Build Orders: Reaper Expand, Hellion Banshee 

Get SALT Encoding   

  12  0:00  SCV  
  13  0:12  SCV  
  14  0:17  Supply Depot  
  14  0:24  SCV  
  15  0:39  SCV  
  15  0:40  Barracks  
  16  0:43  Refinery  
  16  0:51  SCV  
  17  1:03  SCV  
  18  1:15  SCV  
  19  1:27  Orbital Command, Reaper  
  20  1:39  Command Center  
  20  1:47  Supply Depot  
  20  1:53  SCV  
  21  1:58  Marine  
  22  2:05  SCV  
  23  2:11  Factory  
  23  2:16  Marine  
  23  2:17  SCV  
  23  2:20  Refinery  
  25  2:29  SCV  
  26  2:35  Barracks Reactor  
  26  2:41  SCV  
  27  2:52  Orbital Command  
  27  2:53  SCV  
  27  2:56  Starport  
  28  3:05  SCV  
  29  3:09  Orbital Command  
  29  3:16  Hellion x2  
  29  3:17  SCV  
  29  3:19  Barracks Tech Lab  
  34  3:28  Supply Depot  
  34  3:29  SCV  
  34  3:33  Viking  
  37  3:36  SCV  
  37  3:40  Hellion x2  
  41  3:41  SCV  
  41  3:48  Barracks Tech Lab, SCV  
  43  3:54  SCV  
  43  3:55  Supply Depot  
  44  4:00  SCV  
  45  4:06  SCV  
  45  4:09  Cloaking Field, Banshee  
  49  4:14  Command Center  
  49  4:19  SCV x2  
  49  4:21  Supply Depot  
  51  4:25  Hellion  
  51  4:27  Hellion  
  51  4:29  Marine  
  56  4:31  Stimpack  
  56  4:33  SCV  
  56  4:36  SCV  
  58  4:45  SCV  
  59  4:47  Marine, Supply Depot  
  59  4:48  SCV  
  59  4:52  Banshee  
  64  4:57  Barracks  
  64  5:00  Factory Reactor  
  64  5:01  SCV x2  
  64  5:02  Barracks  
  64  5:05  Marine  
  67  5:09  Supply Depot  
  67  5:13  SCV x2  
  69  5:17  Refinery  
  69  5:19  Refinery  
  69  5:22  Marine, Engineering Bay x2  
  69  5:25  SCV x2  
  72  5:30  Orbital Command  
  72  5:37  SCV x2  
  72  5:40  Marine  
  75  5:45  Starport Reactor  
  75  5:46  Marine  
  75  5:47  Marine  
  77  5:51  Barracks x2, SCV  
  77  5:52  SCV  
  77  5:54  Terran Infantry Armor Level 1, Terran Infantry Weapons Level 1  
  79  5:58  Marine  
  79  6:00  Marine x2  
  79  6:02  Orbital Command  
  79  6:03  Siege Tank  
  85  6:04  Marine  
  85  6:06  SCV  
  85  6:07  SCV  
  85  6:09  Supply Depot  
  88  6:13  Combat Shield  
  88  6:21  Marine x4  
  88  6:22  Marine, SCV x2  
  95  6:26  Medivac x2  
  95  6:30  Supply Depot  
  99  6:33  SCV  
  99  6:34  SCV x2  
  102  6:42  Marine x5  
  102  6:43  Supply Depot  
  102  6:44  Barracks Reactor x2  
  107  6:51  Siege Tank  
  110  6:54  SCV x2, Supply Depot x2  
  110  6:58  SCV  
  113  7:04  Marine x5  
  118  7:13  Medivac x2  
  118  7:14  Supply Depot  
  123  7:15  SCV x2  
  123  7:16  SCV  
  123  7:21  Marine x2  
  123  7:22  Armory  
  127  7:27  SCV  
  128  7:30  Supply Depot  
  128  7:37  Marine x6  
  128  7:38  Marine  
  128  7:39  Marine x2  
  132  7:47  SCV x2  
  132  7:51  Siege Tank  
  124  7:52  Medivac x2  
  124  7:55  Marine  
  129  8:00  Marine x2  
  129  8:01  Marine x6  
  134  8:07  Refinery  
  134  8:08  Refinery  
  134  8:10  Supply Depot  
  122  8:23  Marine x8  
  122  8:24  Medivac x2  
  129  8:29  SCV x3  
  132  8:34  Terran Infantry Weapons Level 2, Terran Infantry Armor Level 2, Missile Turret  
  132  8:37  Marine  
  132  8:40  Marine x3  
  136  8:42  Siege Tank  
  136  8:44  Factory  
  139  8:51  Marine x2  
  139  8:52  Marine x2  
  139  8:53  Supply Depot  
  143  8:57  Terran Vehicle Weapons Level 1  
  143  9:03  Marine x4  
  143  9:05  Command Center  
  134  9:20  Marine x6  
  134  9:21  Marine x3  
  134  9:22  Siege Tank  
  134  9:23  Medivac x2  
  145  9:32  SCV x3  
  145  9:38  Marine  
  148  9:41  Marine x8  
  148  9:43  Factory Tech Lab  
  157  9:46  Barracks  
  157  9:47  Barracks x2  
  157  9:48  SCV x3  
  158  9:57  Marine  
  158  9:58  Marine x2  
  158  9:59  Marine  
  159  10:01  Siege Tank  
  159  10:06  Sensor Tower  
  161  10:10  Siege Tank, Marine x5  
  165  10:15  Marine  
  166  10:21  Marine x3  
  166  10:22  Medivac x2  
  166  10:25  SCV x3  
  166  10:28  Marine x3  
  176  10:33  Siege Tank  
  182  10:39  Planetary Fortress  
  182  10:41  Barracks Tech Lab x2  
  182  10:42  Siege Tank, Barracks Tech Lab  
  185  10:44  Supply Depot x2  
  185  10:46  Marine x2  
  185  10:47  Marine  
  188  10:58  Terran Infantry Weapons Level 3, Terran Infantry Armor Level 3  
  188  11:05  Marine x3  
  188  11:06  Siege Tank  
  188  11:07  Command Center, Supply Depot  
  188  11:10  Marauder x3  
  200  11:15  Refinery  
  200  11:17  Refinery  
  190  11:29  Marine x4, Marauder  
  190  11:30  Siege Tank  
  190  11:31  Terran Vehicle Weapons Level 2  
  192  11:55  Siege Tank  
  195  12:02  Siege Tank  
  195  12:03  Ghost Academy  
  195  12:07  Factory  
  197  12:15  Marauder x3  
  196  12:37  Siege Tank x2  
  193  12:39  Liberator x2  
  193  12:40  Personal Cloaking  
  199  12:47  Command Center  
  199  12:49  Command Center  
  199  12:51  Command Center  
  190  12:53  Command Center  
  190  12:57  Factory Tech Lab  
  189  13:02  Planetary Fortress  
  186  13:06  Sensor Tower  
  186  13:07  Ghost  
  186  13:08  Ghost x3  
  186  13:09  Siege Tank x2  
  195  13:34  Refinery  
  195  13:36  Ghost x2, Command Center, Refinery  
  199  13:53  Command Center  
  188  14:05  Concussive Shells  
  186  14:11  Ghost x4  
  191  14:19  Siege Tank x3  
  191  14:23  Orbital Command x3  
  191  14:24  Orbital Command  
  175  14:39  Ghost x2  
  175  14:44  Liberator  
  175  14:45  Liberator  
  184  14:56  Siege Tank x2  
  190  15:10  Missile Turret  
  190  15:15  Command Center  
  182  15:24  Missile Turret  
  182  15:26  Sensor Tower  
Show
View Real Time Build Order
Export as new Build Order

Armani Zerg 

Build Orders: Pool First, Lurkers 

Get SALT Encoding   

  12  0:00  Drone  
  13  0:11  Overlord  
  13  0:18  Drone  
  14  0:30  Drone  
  14  0:31  Drone  
  14  0:35  Drone  
  17  0:40  Extractor  
  16  0:45  Drone  
  17  0:51  Spawning Pool  
  17  0:55  Drone  
  17  1:16  Hatchery  
  16  1:20  Drone  
  17  1:37  Queen  
  17  1:38  Zergling x2  
  20  1:44  Metabolic Boost  
  20  1:50  Overlord  
  20  1:53  Drone  
  21  1:56  Drone  
  22  2:12  Drone x2  
  22  2:15  Queen  
  26  2:30  Zergling x4  
  26  2:34  Queen  
  26  2:35  Zergling x2  
  31  2:40  Zergling x2  
  32  2:44  Drone  
  32  2:45  Drone x2  
  32  2:46  Drone  
  36  2:55  Overlord  
  36  2:57  Overlord  
  36  3:14  Hatchery  
  36  3:17  Drone x2  
  36  3:19  Drone  
  38  3:21  Drone  
  38  3:22  Drone  
  40  3:29  Drone  
  40  3:33  Queen  
  43  3:35  Drone  
  43  3:40  Drone  
  44  3:41  Drone x2  
  44  3:43  Drone  
  44  3:46  Overlord  
  47  3:54  Queen  
  49  3:56  Drone  
  49  4:01  Overlord  
  50  4:04  Drone  
  51  4:11  Queen  
  51  4:12  Overlord  
  51  4:15  Drone x4  
  57  4:25  Baneling Nest  
  57  4:26  Queen  
  57  4:28  Drone x2  
  57  4:30  Drone  
  61  4:37  Zergling x2  
  61  4:39  Drone x3  
  61  4:40  Drone x2  
  61  4:43  Drone  
  67  4:51  Lair  
  67  4:52  Extractor, Drone x3  
  69  4:54  Drone  
  69  4:57  Spore Crawler  
  70  5:00  Drone x3, Spore Crawler  
  70  5:03  Drone x3  
  70  5:06  Overlord  
  74  5:18  Overlord  
  74  5:20  Overlord, Evolution Chamber x2  
  72  5:22  Drone x2  
  72  5:23  Extractor  
  72  5:25  Extractor, Drone x4  
  76  5:37  Drone x8  
  82  5:43  Hatchery  
  82  5:46  Zerg Melee Weapons Level 1, Zerg Ground Armor Level 1  
  82  5:47  Drone  
  82  5:50  Drone  
  82  5:51  Drone x3  
  82  5:55  Extractor  
  85  6:00  Drone, Centrifugal Hooks  
  85  6:01  Drone x2  
  85  6:03  Overlord x2  
  88  6:06  Drone  
  88  6:10  Zergling x6  
  92  6:17  Drone x2, Hatchery  
  91  6:19  Overseer  
  91  6:21  Drone x4  
  91  6:23  Drone  
  90  6:30  Drone  
  90  6:31  Drone  
  89  6:38  Drone x5  
  89  6:44  Zergling x8  
  93  6:52  Baneling  
  93  6:53  Baneling x8  
  93  6:57  Drone  
  93  6:59  Zergling x12  
  100  7:06  Overlord  
  100  7:07  Baneling  
  100  7:10  Queen  
  100  7:11  Drone, Zergling x6  
  106  7:17  Hatchery  
  106  7:18  Hydralisk Den  
  104  7:26  Baneling  
  104  7:27  Baneling x3  
  104  7:28  Zergling x22  
  115  7:37  Zergling x8  
  111  7:49  Zergling x16  
  106  7:53  Baneling x4  
  106  7:54  Baneling x8  
  106  7:55  Queen  
  106  7:56  Zergling x12  
  106  7:57  Zergling x4  
  114  8:02  Zergling x2  
  114  8:03  Zergling x2  
  114  8:05  Zerg Melee Weapons Level 2, Zerg Ground Armor Level 2  
  114  8:07  Drone  
  114  8:12  Zergling x8  
  119  8:13  Overlord  
  119  8:19  Overlord  
  104  8:31  Grooved Spines  
  104  8:32  Hatchery  
  104  8:33  Drone  
  102  8:41  Zergling x28  
  114  8:43  Baneling x4  
  114  8:46  Baneling x6  
  116  8:53  Zergling x10  
  116  8:54  Drone x2  
  123  9:03  Hatchery  
  108  9:22  Hydralisk x11  
  122  9:25  Zergling x4  
  122  9:26  Drone  
  122  9:28  Zergling x4  
  126  9:34  Baneling x10  
  126  9:35  Zergling x2  
  126  9:38  Overseer  
  126  9:39  Overlord  
  126  9:43  Overlord  
  126  9:49  Drone  
  125  9:54  Drone x2  
  125  9:55  Overlord  
  124  10:01  Drone x10  
  124  10:02  Overlord, Drone  
  124  10:03  Drone  
  134  10:10  Muscular Augments  
  134  10:15  Infestation Pit  
  134  10:16  Zergling x16  
  141  10:22  Drone  
  141  10:24  Zerg Missile Weapons Level 1  
  141  10:27  Extractor  
  141  10:28  Extractor  
  141  10:31  Drone x6  
  146  10:37  Zergling x20  
  146  10:40  Baneling  
  146  10:41  Baneling x3  
  146  10:42  Baneling x5  
  155  10:51  Hatchery  
  155  10:55  Hive  
  155  10:56  Lurker Den  
  152  10:59  Zergling x10  
  152  11:00  Overlord x2  
  152  11:01  Overlord  
  152  11:02  Overlord  
  157  11:07  Overlord  
  157  11:13  Pneumatized Carapace  
  156  11:22  Burrow  
  156  11:25  Zergling x30  
  166  11:32  Drone  
  165  11:41  Zergling x28  
  165  11:46  Extractor  
  174  11:47  Baneling x16  
  174  11:48  Baneling x2  
  174  12:06  Hatchery  
  166  12:11  Zergling x32  
  166  12:12  Zergling x2  
  169  12:19  Zerg Missile Weapons Level 2  
  169  12:22  Seismic Spines  
  148  12:46  Zergling x40  
  152  13:03  Hydralisk x5  
  152  13:05  Drone  
  161  13:16  Viper x3  
  161  13:17  Baneling x2  
  166  13:20  Hatchery  
  166  13:22  Zergling x8  
  166  13:23  Zergling x14  
  172  13:36  Overseer  
  172  13:40  Lurker x9  
  181  13:43  Overlord x3  
  181  13:49  Adaptive Talons  
  181  13:52  Overlord  
  181  13:53  Baneling  
  181  13:57  Baneling x8  
  181  13:58  Baneling x2  
  176  14:06  Hydralisk x4  
  142  14:24  Zergling x8  
  142  14:25  Zergling x24  
  144  14:33  Zergling x12  
  144  14:35  Drone  
  144  14:36  Drone  
  145  14:42  Drone  
  146  14:52  Drone  
  147  14:53  Drone  
  147  14:55  Lurker x8  
  156  15:03  Hydralisk x2  
  159  15:10  Overseer  
  159  15:15  Baneling  
  159  15:16  Baneling x14  

Tags
 
Add a new tag
Caveats
  • Supply blocks, unpowered buildings, or Contaminate may cause inaccurate times.
  • Supply counts are checked every 10 seconds.